 Dungeon Crawl Stone Soup version 0.30-a0-540-g0af01429fa (webtiles) character file.

Game seed: 4676448830103535724

3185 arthad the Martial Artist (level 9, -4/81 HPs)
             Began as a Gnoll Transmuter on Dec 25, 2022.
             Was a Believer of Ashenzari.
             Slain by a skeletal warrior
             ... wielding a +0 battleaxe
              (33 damage)
             ... on level 8 of the Dungeon.
             The game lasted 00:30:58 (7845 turns).

arthad the Martial Artist (Gnoll Transmuter)        Turns: 7845, Time: 00:30:59

Health: -4/81      AC:  8    Str: 16    XL:     9   Next: 95%
Magic:  19/19      EV: 12    Int: 17    God:    Ashenzari [**....]
Gold:   401        SH:  0    Dex: 12    Spells: 6/22 levels left

rFire   x . .      SeeInvis +      - Unarmed
rCold   + + +      Faith    .    (shield currently unavailable)
rNeg    . . .      Spirit   .    (body armour currently unavailable)
rPois   +          Reflect  .    (helmet currently unavailable)
rElec   .          Harm     .    (cloak currently unavailable)
rCorr   .          Rampage  .    (gloves currently unavailable)
Will    .....                    (boots currently unavailable)
Stlth   +++                      H - amulet of Ashenzari's Oracle {RegenMP, Alch, Evo} (curse)
HPRegen 0.33/turn                B - ring of Ashenzari's Sun {Str+6, Fort, Elem} (curse)
MPRegen 0.56/turn                (no ring)

@: ice-form
A: freezing attack, amphibious, boosted hp, large, (fangs 1), strong nose,
distributed training
a: End Transformation, Renounce Religion, Curse Item, Shatter the Chains


You were on level 8 of the Dungeon.
You worshipped Ashenzari.
Ashenzari was pleased with you.
You were a creature of crystalline ice.
You visited 1 branch of the dungeon, and saw 8 of its levels.

You collected 478 gold pieces.
You spent 77 gold pieces at shops.

Inventory:

Hand Weapons
 i - a +0 glaive
 G - a +5 scimitar of freezing (melded)
 I - a +2 sling of draining
Missiles
 j - 9 poisoned darts
Armour
 a - the cursed +0 robe "I Knew You'd Do That" (melded) {Bglg, Evo}

   It has a curse which improves the following skills: Beguiling: Conjurations,
   Hexes and Translocations.
   Evocations: Evocations.
 l - the cursed +0 pair of gloves "Ruined With Me" (melded) {Alch, Elem}
   (You found it on level 2 of the Dungeon)

   It has a curse which improves the following skills: Alchemy: Poison Magic and
   Transmutations.
   Elements:  Fire Magic, Ice Magic, Air Magic and Earth Magic.
 C - a +1 robe of willpower
 E - a +0 ring mail of fire resistance
 K - a +0 buckler
Magical Staves
 k - a staff of air
Jewellery
 g - a ring of fire
 B - the cursed ring of Ashenzari's Sun (left front paw) {Str+6, Fort, Elem}
   (You found it on level 6 of the Dungeon)

   [ring of strength]

   Str:       It affects your strength (+6).
   It has a curse which improves the following skills: Fortitude: Armour and
   Shields.
   Elements:  Fire Magic, Ice Magic, Air Magic and Earth Magic.
 D - an amulet of faith
 H - the cursed amulet of Ashenzari's Oracle (around neck) {RegenMP, Alch, Evo}
   (You found it on level 7 of the Dungeon)

   [amulet of magic regeneration]

   It increases your rate of magic regeneration.
   It has a curse which improves the following skills: Alchemy: Poison Magic and
   Transmutations.
   Evocations: Evocations.
Wands
 w - a wand of roots (4)
 x - a wand of charming (15)
 z - a wand of light (8)
 A - a wand of mindburst (14)
Scrolls
 d - 2 scrolls of magic mapping
 e - 4 scrolls of identify
 f - a scroll of amnesia
 h - a scroll of blinking
 n - 4 scrolls of poison
 r - 3 scrolls of teleportation
 s - 4 scrolls of enchant weapon
 t - 2 scrolls of fog
 y - a scroll of fear
 F - 5 scrolls of enchant armour
 J - 2 scrolls of noise
Potions
 b - 2 potions of lignification
 c - 3 potions of curing
 m - 2 potions of might
 o - 2 potions of mutation
 p - 4 potions of brilliance
 q - a potion of invisibility
 u - 3 potions of cancellation
 v - 3 potions of degeneration


   Skills:
 + Level 5.6 Fighting
 + Level 4.9 Short Blades
 + Level 4.9 Long Blades
 + Level 4.9 Axes
 + Level 4.9 Maces & Flails
 + Level 4.9 Polearms
 + Level 4.9 Staves
 + Level 4.9 Ranged Weapons
 + Level 4.9 Throwing
 + Level 4.9(6.1) Armour
 + Level 6.8 Dodging
 + Level 4.9 Stealth
 + Level 4.9(6.1) Shields
 + Level 8.3 Unarmed Combat
 + Level 7.1 Spellcasting
 + Level 4.0 Conjurations
 + Level 4.0 Hexes
 + Level 4.0 Summonings
 + Level 4.0 Necromancy
 + Level 4.0 Translocations
 + Level 5.6(6.9) Transmutations
 + Level 4.0(5.2) Fire Magic
 + Level 4.0(5.2) Ice Magic
 + Level 4.0(5.2) Air Magic
 + Level 4.0(5.2) Earth Magic
 + Level 4.0(5.2) Poison Magic
 + Level 5.4 Invocations
 + Level 4.9(6.1) Evocations


You had 6 spell levels left.
You knew the following spells:

 Your Spells              Type           Power      Damage    Failure   Level
a - Beastly Appendage     Tmut           58%        N/A       1%          1
b - Wereblood             Tmut           29%        N/A       1%          2
c - Spider Form           Tmut/Pois      26%        N/A       2%          3
d - Ice Form              Ice/Tmut       26%        N/A       10%         4
e - Magic Dart            Conj           76%        1d6       2%          1
f - Fireball              Conj/Fire      10%        3d6       43%         5

Your spell library contained the following spells:

 Spells                   Type           Power      Damage    Failure   Level
 Shock                    Conj/Air       84%        1d8       1%          1
 Searing Ray              Conj           38%        2d5       3%          2
 Frozen Ramparts          Ice            46%        1d7       4%          3
 Dazzling Flash           Conj/Hex       38%        N/A       6%          3
 Summon Ice Beast         Ice/Summ       21%        N/A       17%         4
 Fulminant Prism          Conj/Hex       9%         3d7       22%         4
 Silence                  Hex/Air        10%        N/A       43%         5
 Agony                    Necr           19%        N/A       52%         5
 Iskenderun's Battlesphe  Conj           19%        2d7       52%         5
 Conjure Ball Lightning   Conj/Air       10%        3x3d6     95%         6
 Orb of Destruction       Conj           9%         9d6       100%        7


Dungeon Overview and Level Annotations

Branches:
Dungeon (8/15)             Temple (0/1) D:4
   Lair: D:8-11

Altars:
Ashenzari
Cheibriados
Fedhas
Kikubaaqudgha
Makhleb
Nemelex Xobeh
Qazlal
Sif Muna
Yredelemnul

Shops:
D:2 *   D:3 :   D:6 (=


Innate Abilities, Weirdness & Mutations

You are a creature of crystalline ice.
You have a powerful freezing melee attack.
You are amphibious.
Your maximum health is increased.
Your armour is entirely melded.
You are incapable of wielding weapons or throwing items.
((You have very sharp teeth.))
Your uncanny sense of smell can sniff out nearby items.
Your experience applies equally to all skills.


Message History

Aiming: Bolt of Light
Press: ? - help, Shift-Dir - straight line, f - skeletal warrior
Aim: a skeletal warrior, wielding a +0 battleaxe (74% to hit)
The bolt of light misses the skeletal warrior.
You hear a croak.
A bullfrog comes into view.
An acid dragon comes into view.
The skeletal warrior barely misses you.
A bullfrog comes into view.
You hear a shout!
Unknown command.
Unknown command.
Casting: Ice Form (dangerous; 8% risk of failure)
Confirm with . or Enter, or press ? or * to list all spells.
You turn into a creature of crystalline ice.
Your +5 scimitar of freezing melds into your body.
The cursed +0 pair of gloves "Ruined With Me" {Alch, Elem} melds into your body.
The cursed +0 robe "I Knew You'd Do That" {Bglg, Evo} melds into your body.
Your +5 scimitar of freezing stops glowing.
The skeletal warrior hits you with a +0 battleaxe!!
You hear a shout!
You barely miss the skeletal warrior.
The skeletal warrior completely misses you.
You punch the skeletal warrior! You freeze the skeletal warrior.
The skeletal warrior is moderately damaged.
The skeletal warrior completely misses you.
You punch the skeletal warrior! You freeze the skeletal warrior.
The skeletal warrior is heavily damaged.
The skeletal warrior hits you with a +0 battleaxe!!
You punch the skeletal warrior! You freeze the skeletal warrior.
The skeletal warrior is severely damaged.
The skeletal warrior closely misses you.
You barely miss the skeletal warrior.
The skeletal warrior is severely damaged.
The skeletal warrior hits you with a +0 battleaxe!
You hit the skeletal warrior but do no damage.
The skeletal warrior is severely damaged.
You punch the skeletal warrior! You freeze the skeletal warrior.
The skeletal warrior is almost destroyed.
The skeletal warrior hits you with a +0 battleaxe!!
You die...

#....#### + , .#
#.......# , .#####
#.......####+###.....#
#.......#........##..####
#.......#...............
* ###.....+.........#*#.#
.......##........# ..#
.........(###...###{#*
..........# #..#Y#.#,* ,
..........##..###z#**∆*
*, ..........##.#.#{#D#,*
*, , ....###...#.. ..#
#F# * ....#
#......#..,*,F.# *
.....,+....#..##* **#..
...., #......., ,, .## *
** ..., ** . , , .. , ,,#


You could see a skeletal warrior, an acid dragon and 2 bullfrogs.

Vanquished Creatures
  Joseph (D:7)
  Prince Ribbit (D:7)
  2 water moccasins
  Duvessa (D:7)
  A black bear (D:7)
  3 ogres (D:6)
  A centaur (D:7)
  2 phantoms (D:6)
  Blork the orc (D:6)
  5 bullfrogs
  3 scorpions
  A necrophage (D:5)
  A gnoll sergeant (D:8)
  4 wights
  Dowan (D:7)
  4 orc priests
  3 jellies
  A gnoll bouda (D:6)
  6 iguanas
  9 orc wizards
  6 adders
  8 gnolls
  2 white imps
  4 worms
  2 dart slugs
  23 orcs
  8 ball pythons
  3 bats
  7 endoplasms
  A giant cockroach (D:1)
  3 goblins
  8 hobgoblins
  10 jackals
  4 kobolds
  2 quokkas
  A frilled lizard (D:1)
  9 rats
152 creatures vanquished.

Vanquished Creatures (others)
  A human (D:6)
1 creature vanquished.

Grand Total: 153 creatures vanquished

Notes
Turn   | Place    | Note
-------+----------+-------------------------------------------
     0 | D:1      | arthad the Gnoll Transmuter began the quest for the Orb.
     0 | D:1      | Reached XP level 1. HP: 17/17 MP: 6/6
    73 | D:1      | Reached XP level 2. HP: 23/23 MP: 5/7
   270 | D:1      | Reached skill level 5 in Spellcasting
   270 | D:1      | Reached XP level 3. HP: 11/28 MP: 6/9
   360 | D:1      | Reached skill level 1 in Invocations
   598 | D:1      | Reached skill level 1 in Short Blades
   598 | D:1      | Reached skill level 1 in Long Blades
   598 | D:1      | Reached skill level 1 in Axes
   598 | D:1      | Reached skill level 1 in Maces & Flails
   598 | D:1      | Reached skill level 1 in Polearms
   598 | D:1      | Reached skill level 1 in Staves
   598 | D:1      | Reached skill level 1 in Ranged Weapons
   598 | D:1      | Reached skill level 1 in Throwing
   598 | D:1      | Reached skill level 1 in Armour
   598 | D:1      | Reached skill level 1 in Stealth
   598 | D:1      | Reached skill level 1 in Shields
   598 | D:1      | Reached skill level 1 in Evocations
   748 | D:2      | Reached XP level 4. HP: 11/34 MP: 9/11
   881 | D:2      | Found a broken altar of Ashenzari.
   937 | D:2      | Became a worshipper of Ashenzari the Shackled
  1139 | D:2      | Reached skill level 1 in Conjurations
  1139 | D:2      | Reached skill level 1 in Hexes
  1139 | D:2      | Reached skill level 1 in Summonings
  1139 | D:2      | Reached skill level 1 in Necromancy
  1139 | D:2      | Reached skill level 1 in Translocations
  1139 | D:2      | Reached skill level 1 in Fire Magic
  1139 | D:2      | Reached skill level 1 in Ice Magic
  1139 | D:2      | Reached skill level 1 in Air Magic
  1139 | D:2      | Reached skill level 1 in Earth Magic
  1139 | D:2      | Reached skill level 1 in Poison Magic
  1265 | D:2      | Found Juze Qanonu's General Store.
  1269 | D:2      | Bought a potion of curing for 33 gold pieces
  1269 | D:2      | Bought a potion of might for 44 gold pieces
  1929 | D:3      | Found Ujat's Book Boutique.
  1998 | D:3      | Learned a level 2 spell: Wereblood
  2002 | D:3      | Learned a level 3 spell: Spider Form
  2007 | D:3      | Learned a level 4 spell: Ice Form
  2039 | D:3      | Identified the cursed +0 robe "I Knew You'd Do That" {Bglg,
                  | Evo}
  2151 | D:3      | Reached XP level 5. HP: 19/40 MP: 8/12
  2818 | D:4      | Reached * piety under Ashenzari
  2935 | D:4      | Found a blossoming altar of Fedhas.
  3032 | D:4      | Found a shimmering blue altar of Sif Muna.
  3038 | D:4      | Identified Sif Muna's Compendium of Feathers
  3091 | D:4      | Identified the cursed +0 pair of gloves "Ruined With Me"
                  | {Alch, Elem} (You found it on level 2 of the Dungeon)
  3193 | D:4      | Found a staircase to the Ecumenical Temple.
  3439 | D:5      | Entered Level 5 of the Dungeon
  3463 | D:5      | Noticed a water moccasin
  3469 | D:5      | Killed a water moccasin
  3470 | D:5      | Reached skill level 5 in Dodging
  3470 | D:5      | Reached XP level 6. HP: 34/47 MP: 0/14
  3632 | D:5      | Found a burning altar of Makhleb.
  3896 | D:5      | Found a snail-covered altar of Cheibriados.
  3988 | D:5      | Found a sparkling altar of Nemelex Xobeh.
  4000 | D:5      | HP: 2/47 [orc priest/divine providence (14)]
  4011 | D:5      | Reached skill level 7 in Unarmed Combat
  4011 | D:5      | Reached XP level 7. HP: 17/52 MP: 10/15
  4304 | D:5      | Found a stormy altar of Qazlal.
  4740 | D:6      | Noticed Blork the orc
  4759 | D:5      | Reached XP level 8. HP: 29/60 MP: 13/16
  4885 | D:6      | Killed Blork the orc
  5004 | D:6      | Learned a level 1 spell: Magic Dart
  5010 | D:6      | Learned a level 5 spell: Fireball
  5188 | D:6      | Found an ancient bone altar of Kikubaaqudgha.
  5195 | D:6      | Reached ** piety under Ashenzari
  5739 | D:6      | Found Amubeil's Jewellery Emporium.
  5912 | D:6      | Found Pupualo's Weapon Shop.
  6149 | D:6      | Reached skill level 5 in Transmutations
  6229 | D:7      | Reached XP level 9. HP: 54/66 MP: 15/18
  6609 | D:6      | HP: 3/65 [wight/+5 scimitar of freezing (15)]
  6754 | D:7      | Reached skill level 5 in Fighting
  6799 | D:7      | Noticed Prince Ribbit
  6808 | D:7      | Killed Prince Ribbit
  6809 | D:7      | Reached skill level 8 in Unarmed Combat
  6815 | D:7      | Noticed Duvessa
  6816 | D:7      | Noticed Dowan
  6819 | D:7      | Reached skill level 5 in Invocations
  6824 | D:7      | Killed Duvessa
  6838 | D:7      | Killed Dowan
  7144 | D:7      | Noticed Joseph
  7148 | D:7      | Killed Joseph
  7637 | D:8      | Found a basalt altar of Yredelemnul.
  7835 | D:8      | Noticed a skeletal warrior
  7845 | D:8      | Slain by a skeletal warrior

Illustrated notes

Levels and vault maps discovered:
D:1:      minmay_arrival_arboretum_large, layout_basic
D:2:      layout_basic, serial_shops, shop, basic_altar
D:3:      layout_loops_ring, serial_forest, infiniplex_forest_end_2,
          infiniplex_forest_split, infiniplex_forest_pool,
          infiniplex_forest_zigzag_1, infiniplex_forest_corner_1, serial_shops,
          nicolae_shop_trees, minmay_fractal_squares_gapless_5
D:4:      layout_gridville, fedhas_altar_2, led_sif_book,
          minmay_temple_entry_statues_pillars, wad_floor_pattern_1
D:5:      layout_loops_ring, mainiacjoe_overflow_24_doors, bloody_makhleb,
          cheibrodos_worm_habitat, grunt_qazlal_sundering
D:6:      layout_basic, tgw_kikubaaqudgha, serial_shops, nicolae_diamond_shop,
          nicolae_shop_waterfront, amcnicky_mini_pool_small, uniq_blork_the_orc
D:7:      layout_cave_pools, uniq_duvessa, uniq_prince_ribbit1, uniq_joseph
D:8:      layout_basic, kennysheep_ying_yang,
          mainiacjoe_overflow_six_doors_small, minmay_manual_mail

Skill      XL: |  1  2  3  4  5  6  7  8  9 |
---------------+----------------------------+-----
Spellcasting   | 5 6 7 |  7.1
Invocations    | 1 2 3 4 5 |  5.4
Short Blades   | 1 2 3 4 |  4.9
Long Blades    | 1 2 3 4 |  4.9
Axes           | 1 2 3 4 |  4.9
Maces & Flails | 1 2 3 4 |  4.9
Polearms       | 1 2 3 4 |  4.9
Staves         | 1 2 3 4 |  4.9
Ranged Weapons | 1 2 3 4 |  4.9
Throwing       | 1 2 3 4 |  4.9
Armour         | 1 2 3 4 |  4.9
Stealth        | 1 2 3 4 |  4.9
Shields        | 1 2 3 4 |  4.9
Evocations     | 1 2 3 4 |  4.9
Conjurations   | 1 2 3 4 |  4.0
Hexes          | 1 2 3 4 |  4.0
Summonings     | 1 2 3 4 |  4.0
Necromancy     | 1 2 3 4 |  4.0
Translocations | 1 2 3 4 |  4.0
Fire Magic     | 1 2 3 4 |  4.0
Ice Magic      | 1 2 3 4 |  4.0
Air Magic      | 1 2 3 4 |  4.0
Earth Magic    | 1 2 3 4 |  4.0
Poison Magic   | 1 2 3 4 |  4.0
Fighting       | 3 4 5 |  5.6
Transmutations | 4 5 |  5.6
Dodging        | 5 6 |  6.8
Unarmed Combat | 7 8 |  8.3

Action                   |  1- 3 |  4- 6 |  7- 9 || total
-------------------------+-------+-------+-------++-------
Melee: Unarmed           |    81 |   150 |   152 ||   383
       Headbutt          |     5 |     8 |     2 ||    15
       Bite              |     4 |    14 |     8 ||    26
       Kick              |     8 |     7 |     6 ||    21
       Punch             |     2 |     3 |     2 ||     7
       Scimitar          |       |       |     4 ||     4
Throw: Dart              |     3 |     3 |       ||     6
 Cast: Beastly Appendage |     8 |    12 |     2 ||    22
       Spider Form       |       |     4 |     3 ||     7
       Ice Form          |       |     3 |     8 ||    11
       Wereblood         |       |     2 |     1 ||     3
       Magic Dart        |       |       |   112 ||   112
       Fireball          |       |       |     2 ||     2
Invok: Curse Item        |       |     2 |     2 ||     4
Evoke: Wand              |       |     4 |     8 ||    12
  Use: Potion            |       |     3 |     1 ||     4
       Scroll            |       |       |     1 ||     1
 Stab: Sleeping          |       |     2 |     2 ||     4
Armor: Robe              |    15 |    17 |     7 ||    39
       Skin              |       |     4 |    23 ||    27
Dodge: Dodged            |    64 |    85 |   125 ||   274

Table legend: (Time is in decaauts)
 A = Elapsed time spent in this place.
 B = Non-inter-level travel time spent in this place.
 C = Inter-level travel time spent in this place.
 D = Time resting spent in this place.
 E = Time spent auto-exploring this place.
 F = Levels seen in this place.
 G = Mean time per level.
                   A        B        C        D        E       F      G
               +--------+--------+--------+--------+--------+-----+--------+
         Total |   7808 |   7622 |    186 |    617 |   5768 |   8 |  976.0 |
       Dungeon |   7808 |   7622 |    186 |    617 |   5768 |   8 |  976.0 |
               +--------+--------+--------+--------+--------+-----+--------+

Top non-repeatable levels by time:
     D:6: 1870 daAuts
     D:5: 1299 daAuts
     D:3: 1108 daAuts
     D:7: 952 daAuts
     D:2: 866 daAuts
     D:4: 721 daAuts
     D:1: 721 daAuts
     D:8: 269 daAuts
